 Dungeon Crawl Stone Soup version 0.18-a0-1764-gf4ddf0b (webtiles) character file.

704 M4edhros the Skirmisher (level 7, -2/71 HPs)
             Began as an Ogre Wanderer on Apr 13, 2016.
             Slain by Duvessa
             ... wielding a +0 short sword
              (6 damage)
             ... on level 4 of the Dungeon.
             The game lasted 00:06:58 (3720 turns).

M4edhros the Skirmisher (Ogre Wanderer)             Turns: 3720, Time: 00:06:59

Health: -2/71      AC:  5    Str: 15 (17) XL:     7   Next: 67%
Magic:  7/7        EV:  8    Int: 10 (11) God:
Gold:   184        SH:  9    Dex: 10 (12) Spells: 0 memorised, 6 levels left

rFire  . . .     SeeInvis .     r - +2 short sword (speed)
rCold  + + .     Gourm    .     e - +2 robe {MR+}
rNeg   . . .     Faith    .     c - +0 shield
rPois  .         Spirit   .     (helmet restricted)
rElec  .         Dismiss  .     (no cloak)
rCorr  .         Reflect  .     (gloves unavailable)
SustAt .         Harm     .     (boots unavailable)
MR     +....                    (no amulet)
Stlth  +.........               (no ring)
                                (no ring)

@: somewhat resistant to hostile enchantments, very unstealthy
A: unfitting armour, talons 1, cold resistance 2, frail 1, tough skin 1, subdued
magic 1
a: no special abilities


You were on level 4 of the Dungeon.
You were not hungry.

You visited 1 branch of the dungeon, and saw 4 of its levels.

You collected 184 gold pieces.

Inventory:

Hand Weapons
 a - a +2 spear
 m - a +0 hunting sling
 r - a +2 short sword of speed (weapon)
Missiles
 i - 70 stones (quivered)
 j - 29 sling bullets
 k - 20 poisoned sling bullets
Armour
 c - a +0 shield (worn)
 d - a +0 robe
 e - a +2 robe of magic resistance (worn)
Jewellery
 h - an uncursed ring of ice {unknown}
Wands
 l - a wand of random effects (0/48)
Scrolls
 g - 5 scrolls of remove curse {unknown}
 p - 4 scrolls of identify {unknown}
Potions
 b - a potion of resistance
Comestibles
 f - 2 bread rations
 n - 4 meat rations
 o - a slice of pizza
 q - a chunk of flesh
 t - a beef jerky


   Skills:
 - Level 7.9 Fighting
 - Level 2.0 Polearms
 * Level 2.5(2.6) Slings
 - Level 1.0(2.4) Throwing
 + Level 6.6 Shields


You had 6 spell levels left.
You didn't know any spells.

Dungeon Overview and Level Annotations

Branches:
Dungeon (4/15)
 Temple: D:4-7

Altars:
Pakellas

Annotations:
D:4 Duvessa


Innate Abilities, Weirdness & Mutations

You are too large for most types of armour.
You have tough skin (AC +1).
You have sharp toenails.
Your flesh is very cold resistant.
You are frail (-10% HP).
Your spells are a little easier to cast, but a little less powerful.


Message History

Okay, then.
Read which item? (? for menu, Esc to quit)
Okay, then.
Evoke which item? (* to show all) (? for menu, Esc to quit)
Zapping:
l - a wand of random effects {zapped: 33} (will waste charges)
Press: ? - help, Shift-Dir - straight line, f - you Nothing appears to happen.
Something hits you.
* * * LOW HITPOINT WARNING * * *
Evoke which item? (* to show all) (? for menu, Esc to quit)
This wand has no charges.
There is a strange disturbance nearby!
Drink which item? (? for menu, Esc to quit)
You can't drink that!
Read which item? (? for menu, Esc to quit)
Okay, then.
Sorry, you're not good enough to have a special ability.
Evoke which item? (* to show all) (? for menu, Esc to quit)
Okay, then.
You miss something. Your kick misses something. Something hits you.
You die...

#.##......##### #.#
[#............######.#
.....................#
#.###.....###.######## #.#
#.....# #)....... # #.#
#.#.### ######### e# #
#.###.#.# #.#.# #.##....#
#############....#
..#.....####....@{..).)).#
###..........###########...#
#.....###### #.## ##....# .#
####.# # #.# #.# ..# ###


There were no monsters in sight!

Vanquished Creatures
  Eustachio (D:4)
  Sigmund (D:2)
  Jessica (D:3)
  An orc wizard (D:4)
  Natasha (thrice) (D:2)
  An iguana (D:4)
  A worker ant (D:4)
  4 gnolls
  3 adders
  A shadow imp (D:3)
  4 oozes
  4 worms
  3 dart slugs
  2 giant geckos
  6 orcs (D:4)
  A ball python (D:3)
  5 bats
  5 giant cockroaches
  5 goblins
  13 hobgoblins
  6 kobolds
  A quokka (D:4)
  6 giant newts
  7 rats
85 creatures vanquished.

Vanquished Creatures (collateral kills)
  Dowan (D:4)
  3 gnolls (D:4)
4 creatures vanquished.

Grand Total: 89 creatures vanquished

Notes
Turn   | Place    | Note
--------------------------------------------------------------
     0 | D:1      | M4edhros the Ogre Wanderer began the quest for the Orb.
     0 | D:1      | M4edhros set off with: a +2 spear, a potion of lignification, a +0 shield, a +0 robe, a bread ration
     0 | D:1      | Reached XP level 1. HP: 32/32 MP: 1/1
   243 | D:1      | Reached XP level 2. HP: 41/41 MP: 2/2
   571 | D:1      | Reached XP level 3. HP: 48/48 MP: 3/3
  1025 | D:2      | Noticed Sigmund
  1029 | D:2      | Gained mutation: You are frail (-10% HP). [potion of mutation]
  1029 | D:2      | Gained mutation: Your spells are a little easier to cast, but a little less powerful. [potion of mutation]
  1029 | D:2      | Gained mutation: Your flesh is cold resistant. [potion of mutation]
  1030 | D:2      | Gained mutation: You have sharp toenails. [potion of mutation]
  1030 | D:2      | Gained mutation: Your flesh is very cold resistant. [potion of mutation]
  1052 | D:2      | Killed Sigmund
  1052 | D:2      | Reached XP level 4. HP: 51/51 MP: 4/4
  1052 | D:2      | Reached XP level 5. HP: 56/56 MP: 5/5
  1111 | D:2      | Reached skill level 5 in Shields
  1315 | D:2      | Noticed Natasha
  1319 | D:2      | Killed Natasha
  1319 | D:2      | Reached XP level 6. HP: 59/64 MP: 6/6
  1381 | D:2      | Noticed Natasha
  1397 | D:2      | Killed Natasha
  1702 | D:2      | Noticed Natasha
  1729 | D:2      | Killed Natasha
  1811 | D:2      | You fall through a shaft!
  1814 | D:3      | Noticed Jessica
  1843 | D:3      | Killed Jessica
  2937 | D:4      | Found an oddly glowing altar of Pakellas.
  3036 | D:4      | Reached XP level 7. HP: 53/71 MP: 7/7
  3094 | D:4      | Reached skill level 1 in Slings
  3410 | D:4      | Noticed Eustachio
  3638 | D:4      | Killed Eustachio
  3688 | D:4      | Noticed Duvessa
  3696 | D:4      | Noticed Dowan
  3710 | D:4      | Killed Dowan
  3720 | D:4      | Slain by Duvessa

Vault maps used:
D:1:      minmay_arrival_pointy, nrook_mini_vaults,
          corexii_item_surrounded_by_moat, st_stairs_8, glass_columns_b
D:2:      uniq_sigmund, uniq_natasha
D:3:      uniq_jessica
D:4:      first_bread, grunt_decor_cap, grunt_pakellas_basics, uniq_eustachio,
          uniq_duvessa

Skill      XL: |  1  2  3  4  5  6  7 |
---------------+----------------------+-----
Shields        | 2 4 5 6 |  6.6
Slings         | 2 |  2.5
Fighting       | |  7.9
Polearms       | |  2.0
Throwing       | |  1.0

Action                   |  1- 3 |  4- 6 |  7- 9 || total
-------------------------+-------+-------+-------++-------
Melee: Spear             |    56 |       |       ||    56
       Short sword       |    30 |   175 |    88 ||   293
       Kick              |     1 |    51 |    14 ||    66
 Fire: Hunting sling     |       |    39 |    22 ||    61
Evoke: Club              |       |       |    12 ||    12
  Use: Potion            |     6 |     1 |     2 ||     9
       Scroll            |       |     2 |     1 ||     3
 Stab: Sleeping          |     3 |       |       ||     3
  Eat: Chunk             |       |     4 |     1 ||     5
       Bread ration      |       |     1 |       ||     1
Armor: Robe              |     9 |    30 |    28 ||    67
       Skin              |     5 |       |    37 ||    42
Dodge: Dodged            |     9 |    45 |    35 ||    89
Block: Shield            |    18 |    77 |    61 ||   156
